 Dungeon Crawl Stone Soup version 0.17-a0-1880-gacf7e67 (webtiles) character file.

26 shakdrar the Shield-Bearer (level 2, -1/24 HPs)
             Began as a Minotaur Fighter on Sept 21, 2015.
             Slain by an adder (4 damage)
             ... on level 2 of the Dungeon.
             The game lasted 00:02:38 (588 turns).

shakdrar the Shield-Bearer (Minotaur Fighter)        Turns: 588, Time: 00:02:38

Health: -1/24      AC: 11    Str: 18    XL:     2   Next: 89%
Magic:  1/1        EV:  3    Int:  5    God:
Gold:   63         SH:  9    Dex:  9    Spells: 0 memorised, 1 level left

rFire  . . .     SeeInvis .     a - +0 war axe
rCold  . . .     Clarity  .     k - +0 plate armour
rNeg   . . .     SustAt   .     c - +0 shield
rPois  .         Gourm    .     (helmet restricted)
rElec  .         Spirit   .     (no cloak)
rCorr  .         Warding  .     (no gloves)
rMut   .         Stasis   .     (no boots)
MR     .....                    (no amulet)
Stlth  ..........               (no ring)
                                i - ring of flight

@: lethally poisoned (-1 -> -4), not resistant to hostile enchantments,
extremely unstealthy
A: retaliatory headbutt, horns 2, talons 1, frail 1, weak 1, wild magic 1
a: Evoke Flight


You were on level 2 of the Dungeon.
You were not hungry.

You visited 1 branch of the dungeon, and saw 2 of its levels.

You collected 63 gold pieces.

Inventory:

Hand weapons
 a - a +0 war axe (weapon)
Armour
 c - a +0 shield (worn)
 f - a +0 chain mail
 k - a +0 plate armour (worn)
Jewellery
 i - a ring of flight (left hand)
Scrolls
 b - a scroll of remove curse
 j - a scroll of amnesia {unknown}
Potions
 d - a potion of might
Comestibles
 e - 3 bread rations
 g - a meat ration
 h - a beef jerky


   Skills:
 + Level 3.9 Fighting
 * Level 3.3 Axes
 + Level 3.7 Armour
 + Level 4.1 Shields


You had one spell level left.
You didn't know any spells.

Dungeon Overview and Level Annotations

Branches:
Dungeon (2/15)

Altars:


Innate Abilities, Weirdness & Mutations

You reflexively headbutt those who attack you in melee.
You have a pair of horns on your head.
You have sharp toenails.
You are frail (-10% HP).
You are weak. (Str -2)
Your spells are a little harder to cast, but a little more powerful.


Message History

You feel sick. The adder bites you but does no damage.
You block the adder's attack.
You closely miss the adder. Your kick misses the adder.
The adder is heavily wounded.
You block the adder's attack. The adder barely misses you.
Your plate armour prevents you from hitting the adder.
The adder is heavily wounded.
* * * LOW HITPOINT WARNING * * *
You feel sick. The adder bites you but does no damage.
The adder bites you but does no damage.
Your plate armour prevents you from hitting the adder.
Your headbutt misses the adder.
The adder is heavily wounded.
You block the adder's attack. The adder bites you but does no damage.
Your shield and plate armour prevent you from hitting the adder.
Your kick misses the adder. Your headbutt misses the adder.
The adder is heavily wounded.
* * * LOW HITPOINT WARNING * * *
You feel sick. The adder bites you.
You die...

#.. ...
######.######..#
<..............#.
####...........$#
#......w.#.......
#..#..<..####.#.#
#. ##.>.#####.#
#..###w.......#
#...@Sr.....###
#.#########.# #


You could see a worm, an adder and a rat.

Vanquished Creatures
  An ooze (D:1)
  A giant gecko (D:1)
  2 bats (D:1)
  A giant cockroach (D:1)
  2 hobgoblins (D:1)
  6 kobolds (D:1)
  2 giant newts (D:1)
  3 goblins (D:1)
  2 rats (D:1)
20 creatures vanquished.

Notes
Turn   | Place    | Note
--------------------------------------------------------------
     0 | D:1      | shakdrar the Minotaur Fighter began the quest for the Orb.
     0 | D:1      | Reached XP level 1. HP: 19/19 MP: 0/0
    48 | D:1      | Reached XP level 2. HP: 27/27 MP: 1/1
    63 | D:1      | Gained mutation: Your spells are a little harder to cast, but a little more powerful. [potion of mutation]
    63 | D:1      | Gained mutation: You can spit weak poison. [potion of mutation]
    63 | D:1      | Lost mutation: You can spit weak poison. [potion of mutation]
    64 | D:1      | Gained mutation: You are weak. (Str -2) [potion of mutation]
    64 | D:1      | Gained mutation: You have sharp toenails. [potion of mutation]
    64 | D:1      | Gained mutation: You are frail (-10% HP). [potion of mutation]
   245 | D:1      | Reached skill level 4 in Shields
   588 | D:2      | Slain by an adder

Vault maps used:
D:1:      lightli_arrival_statuegarden
D:2:      minivault_4

Action                   || total
-------------------------++-------
Melee: War axe           ||    66
  Use: Potion            ||     3
       Scroll            ||     1
